 Dungeon Crawl Stone Soup version 0.31.0-11-ge490571c62 (webtiles) character file.

Game seed: 12213987839154068545

55 qw the Shooter (level 3, 0/20 HPs)
             Began as a Deep Elf Hunter on Feb 4, 2024.
             Succumbed to an adder's poison
             ... on level 2 of the Dungeon.
             The game lasted 00:00:03 (742 turns).

qw the Shooter (Deep Elf Hunter)                     Turns: 742, Time: 00:00:04

Health: 0/20       AC:  6    Str: 10    XL:     3   Next: 67%
Magic:  5/5        EV: 11    Int: 13    God:
Gold:   22         SH:  0    Dex: 18    Spells: 2/2 levels left

rFire   . . .        a - +0 shortbow
rCold   . . .        (shield currently unavailable)
rNeg    . . .        g - +0 ring mail
rPois   .            (no helmet)
rElec   .            (no cloak)
rCorr   .            i - +0 pair of gloves
SInv    .            (no boots)
Will    .....        (no amulet)
Stlth   +            (no ring)
HPRegen 0.23/turn    (no ring)
MPRegen 0.09/turn

%: no passive effects
@: lethally poisoned (0 -> -5)
A: no striking features
a: no special abilities


You were on level 2 of the Dungeon.
You visited 1 branch of the dungeon, and saw 2 of its levels.

You collected 22 gold pieces.


   Skills:
 - Level 1.5 Fighting
 + Level 7.2 Ranged Weapons
 - Level 2.4 Dodging
 - Level 1.2 Stealth


You had 2 spell levels left.
You didn't know any spells.
Your spell library was empty.

Inventory:

Hand Weapons
 a - a +0 shortbow (weapon)
Armour
 g - a +0 ring mail (worn)
 i - a +0 pair of gloves (worn)
Potions
 d - a potion of ambrosia {unknown}
 l - a potion of heal wounds

Dungeon Overview and Level Annotations

Branches:
Dungeon (2/15)

Altars:


Message History

You shoot an arrow. The arrow hits the adder.
The adder is moderately wounded.
The adder hisses angrily.
You shoot an arrow. The arrow closely misses the adder.
The adder bites you but does no damage.
You shoot an arrow. The arrow barely misses the adder.
The adder closely misses you. The adder barely misses you. The adder bites you.
You shoot an arrow. The arrow hits the adder.
The adder is severely wounded.
The adder closely misses you. x2; The adder bites you but does no damage.
The adder barely misses you.
You shoot an arrow. The arrow hits the adder!
You kill the adder!
The adder bites you.
You are poisoned.
The adder poisons you!
Your Ranged Weapons skill increases to level 7!
You shoot an arrow. The arrow hits the adder.
The adder is severely wounded.
You feel sick. The adder bites you but does no damage.
The adder closely misses you.
You shoot an arrow. The arrow misses the adder.
You feel sick. The adder bites you but does no damage.
You shoot an arrow. The arrow barely misses the adder.
You feel sick. The adder bites you.
You are more poisoned.
The adder poisons you! The adder bites you.
You are lethally poisoned!
The adder poisons you!
You shoot an arrow. The arrow hits the adder!
You kill the adder!
You feel very sick.
There is a lethal amount of poison in your body!
You feel very sick.
There is a lethal amount of poison in your body!
You feel sick.
There is a lethal amount of poison in your body!
You feel sick.
There is a lethal amount of poison in your body!
You die...

#.###########.# #.#
#.# #.##### #.#
#.....# #.# #####.#
#.# #...#.# #.#
#.#.#'### #.#
#.#.....# #.#
#.#.....# #@#
###.#.....#...%...#
#..<....###..........
#########
#...........#
..####.....>.. ##
#.......# #.......#
#.......#


There were no monsters in sight!

Vanquished Creatures
  2 adders (D:2)
  A dart slug (D:1)
  3 ball pythons (D:1)
  2 bats (D:1)
  2 endoplasms (D:1)
  4 giant cockroaches (D:1)
  5 hobgoblins (D:1)
  2 quokkas (D:1)
  2 frilled lizards (D:1)
  5 goblins (D:1)
  3 kobolds (D:1)
31 creatures vanquished.

Notes
Turn   | Place    | Note
-------+----------+-------------------------------------------
     0 | D:1      | qw the Deep Elf Hunter began the quest for the Orb.
     0 | D:1      | Reached XP level 1. HP: 12/12 MP: 3/3
     0 | D:1      | 0 ||| qw: Version: 0.3-a-160-g6735b56
     0 | D:1      | 0 ||| qw: Game counter: 5989
     0 | D:1      | 0 ||| qw: Melee chars always use a shield: true
     0 | D:1      | 0 ||| qw: God list: Okawaru
     0 | D:1      | 0 ||| qw: Allow faded altars: false
     0 | D:1      | 0 ||| qw: Do Orc after clearing Dungeon:15 true
     0 | D:1      | 0 ||| qw: Do second Lair branch before Depths: true
     0 | D:1      | 0 ||| qw: Lair rune preference: random
     0 | D:1      | 0 ||| qw: Goals: Normal
     0 | D:1      | 0 ||| PLANNING D:1-11
    22 | D:1      | Reached skill level 6 in Ranged Weapons
    22 | D:1      | Reached XP level 2. HP: 16/16 MP: 4/4
   217 | D:1      | Reached XP level 3. HP: 20/20 MP: 5/5
   455 | D:1      | 455 ||| UPGRADING to +0 ring mail.
   465 | D:1      | 465 ||| DROPPING +0 leather armour.
   466 | D:1      | 466 ||| UPGRADING to +0 pair of gloves.
   471 | D:1      | 471 ||| READING 3 scrolls labelled IRHICI VEACA.
   472 | D:1      | 472 ||| READING scroll labelled XEGADGHITIN.
   573 | D:1      | 573 ||| READING scroll labelled JYODWUD ZAPS.
   574 | D:1      | 574 ||| READING scroll labelled DUEXZE TETOJ.
   675 | D:1      | 675 ||| READING scroll labelled SIGAGI REFADGHA.
   680 | D:1      | 680 ||| DRINKING 2 murky clear potions.
   681 | D:1      | 681 ||| DROPPING scroll of butterflies.
   682 | D:1      | 682 ||| DROPPING 2 scrolls of revelation.
   735 | D:2      | Reached skill level 7 in Ranged Weapons
   739 | D:2      | HP: 5/20 [poisoned by an adder]
   741 | D:2      | HP: 2/20 [poisoned by an adder]
   742 | D:2      | Succumbed to an adder's poison

Levels and vault maps discovered:
D:1:      minmay_arrival_diagonal_passages, layout_rooms
D:2:      layout_basic, basic_altar, uniq_terence

Skill      XL: |  1  2  3 |
---------------+----------+-----
Ranged Weapons | 6 7 |  7.2
Fighting       | |  1.5
Dodging        | |  2.4
Stealth        | |  1.2

Action                     || total
---------------------------++-------
   Fire: Shortbow          ||    91
    Use: Scroll            ||     5
         Potion            ||     1
 Armour: Leather armour    ||     7
         Ring mail         ||     8
  Dodge: Dodged            ||    27

Table legend:
 A = Non-vault XP
 B = Vault XP
 C = Vault XP percentage of total XP
 D = Non-vault monster count
 E = Vault monster count
 F = Vault count percentage of total count
                 A         B        C        D         E       F
            +---------+---------+-------+---------+---------+-------
      Total |      79 |       0 |   0.0 |      31 |       0 |   0.0
            +---------+---------+-------+---------+---------+-------
        D:1 |      52 |       0 |   0.0 |      29 |       0 |   0.0
        D:2 |      27 |       0 |   0.0 |       2 |       0 |   0.0
            +---------+---------+-------+---------+---------+-------
